 Dungeon Crawl Stone Soup version 0.29-a0-330-g52719c12eb (webtiles) character file.

Game seed: 5262079760332554521

60 kae the Firebug (level 3, -5/39 HPs)
             Began as a Demigod Fire Elementalist on Apr 21, 2022.
             Slain by Sigmund
             ... wielding a +0 scythe
              (8 damage)
             ... on level 2 of the Dungeon.
             The game lasted 00:01:45 (1750 turns).

kae the Firebug (Demigod Fire Elementalist)         Turns: 1750, Time: 00:01:46

Health: -5/39      AC: 21    Str:  9    XL:     3   Next: 57%
Magic:  5/9        EV:  2    Int: 21    God:
Gold:   40         SH:  0    Dex: 14    Spells: 3/6 levels left

rFire   . . .      SeeInvis .   f - +2 spear (freeze)
rCold   . . .      Faith    .   (no shield)
rNeg    . . .      Spirit   .   (body armour currently unavailable)
rPois   +          Reflect  .   (helmet currently unavailable)
rElec   .          Harm     .   (cloak currently unavailable)
rCorr   .          Rampage  .   (gloves currently unavailable)
Will    .....      NoTele   +   (boots currently unavailable)
Stlth   +.........              (no amulet)
HPRegen 0.13/turn               (no ring)
MPRegen 0.11/turn               (no ring)

@: confused, tree-form (expiring)
A: stationary, stasis, torment immunity, boosted hp, high MP 1, forlorn, divine
attributes
a: no special abilities


You were on level 2 of the Dungeon.
You were a tree.
You visited 1 branch of the dungeon, and saw 2 of its levels.

You collected 40 gold pieces.

Inventory:

Hand Weapons
 f - a +2 spear of freezing (weapon)
Armour
 a - a +1 robe (melded)
Scrolls
 j - 2 scrolls of identify
Potions
 b - a potion of magic
 d - 2 potions of mutation
 e - a potion of attraction


   Skills:
 - Level 1.7 Dodging
 - Level 1.7 Stealth
 + Level 2.3 Spellcasting
 + Level 1.8 Conjurations
 * Level 3.6 Fire Magic


You had 3 spell levels left.
You knew the following spells:

 Your Spells              Type           Power      Damage    Failure   Level
a - Foxfire               Conj/Fire      52%        2x1d6     4%          1
b - Scorch                Fire           34%        2d7       4%          2

Your spell library contained the following spells:

 Spells                   Type           Power      Damage    Failure   Level
 Conjure Flame            Conj/Fire      13%        6-21      14%         3
 Inner Flame              Hex/Fire       10%        N/A       21%         3
 Flame Wave               Conj/Fire      13%        2d6       43%         4


Dungeon Overview and Level Annotations

Branches:
Dungeon (2/15)

Annotations:
D:2 Sigmund


Innate Abilities, Weirdness & Mutations

You are a tree.
Your roots penetrate the ground, keeping you stationary.
You cannot be teleported.
You are immune to unholy pain and torment.
Your maximum health is greatly increased.
Your equipment is partially melded.
You have an increased reservoir of magic. (+10% MP)
You shall have no god before yourself.
Your divine heritage dramatically boosts your attributes as you level up.


Message History

The endoplasm freezes you.
You are frozen.
* * * LOW HITPOINT WARNING * * *
Casting: Foxfire (safe; 4% risk of failure)
Confirm with . or Enter, or press ? or * to list all spells.
Flames lash something.
Something hits you!
* * * LOW HITPOINT WARNING * * *
The endoplasm completely misses you.
The endoplasm hits you but does no damage.
Casting: Scorch (safe; 4% risk of failure)
Confirm with . or Enter, or press ? or * to list all spells.
Flames lash the endoplasm.
You kill the endoplasm!
Something hits you but does no damage.
You hear some strange, mumbled words.
You are confused.
You're too confused to cast spells.
Okay, then.
You are too confused!
Something hits you but does no damage.
A magic dart appears from out of thin air!
The magic dart hits you but does no damage.
Something hits you but does no damage.
You hear some strange, mumbled words.
You are more confused.
Something hits you but does no damage. Something hits you but does no damage.
You hear some strange, mumbled words.
You are more confused.
Something hits you but does no damage.
Your transformation is almost over.
You hear some strange, mumbled words.
A puff of flame appears from out of thin air!
The puff of flame hits you but does no damage.
You hear some strange, mumbled words.
Something tries to affect you, but you resist.
Something hits you but does no damage. Something hits you but does no damage.
Something hits you!
You die...

....#... # #........$#
......# .##........#
......# ...........#
....#. #........# ....#
##...†)...# ..>.#
#.........# ....# #
#.###{######
#.#######.###.###†#....#
................♣......#
#..##.^................#
......######..###.#....#
##.#### ##. #.#....#
#..# #...###.######
###.# #. #...#.## #
#.######.# #....####
###........# ###.....##
.####..##### ##.......#


There were no monsters in sight!

Vanquished Creatures
  3 adders (D:2)
  A worm (D:2)
  A dart slug (D:1)
  3 endoplasms
  A giant cockroach (D:1)
  3 goblins (D:1)
  3 hobgoblins
  3 quokkas
  6 ball pythons
  4 bats
  A frilled lizard (D:2)
  A kobold (D:2)
  A rat (D:2)
31 creatures vanquished.

Vanquished Creatures (others)
  89 foxfires
  A fungus (D:2)
90 creatures vanquished.

Grand Total: 121 creatures vanquished

Notes
Turn   | Place    | Note
-------+----------+-------------------------------------------
     0 | D:1      | kae the Demigod Fire Elementalist began the quest for the
                  | Orb.
     0 | D:1      | Reached XP level 1. HP: 14/14 MP: 5/5
   181 | D:1      | Reached skill level 1 in Conjurations
   404 | D:1      | Reached skill level 3 in Fire Magic
   668 | D:1      | Reached XP level 2. HP: 20/20 MP: 5/7
   865 | D:1      | Learned a level 2 spell: Scorch
  1083 | D:2      | Reached XP level 3. HP: 6/26 MP: 0/8
  1712 | D:2      | Noticed Sigmund
  1721 | D:2      | HP: 1/26 [Sigmund/puff of flame (5)]
  1730 | D:2      | HP: 1/39 [something (9)]
  1750 | D:2      | Slain by Sigmund

Illustrated notes

Levels and vault maps discovered:
D:1:      tarquinn_simple_flora_water_e, layout_basic
D:2:      layout_rooms, basic_altar, shapermc_ecumenical_altar_acropolis,
          minmay_octomino_j4, uniq_sigmund, uniq_natasha

Skill      XL: |  1  2 |
---------------+-------+-----
Conjurations   | 1 |  1.8
Fire Magic     | 3 |  3.6
Spellcasting   | 2 |  2.3
Dodging        | |  1.7
Stealth        | |  1.7

Action                   || total
-------------------------++-------
Melee: Spear             ||    10
       Unarmed           ||     2
 Cast: Foxfire           ||    55
       Scorch            ||    10
  Use: Scroll            ||     9
       Potion            ||     3
Armor: Robe              ||     8
       Skin              ||    15
Dodge: Dodged            ||    27

Table legend: (Time is in decaauts)
 A = Elapsed time spent in this place.
 B = Non-inter-level travel time spent in this place.
 C = Inter-level travel time spent in this place.
 D = Time resting spent in this place.
 E = Time spent auto-exploring this place.
 F = Levels seen in this place.
 G = Mean time per level.
                   A        B        C        D        E       F      G
               +--------+--------+--------+--------+--------+-----+--------+
         Total |   1751 |   1723 |     28 |     97 |   1359 |   2 |  875.5 |
       Dungeon |   1751 |   1723 |     28 |     97 |   1359 |   2 |  875.5 |
               +--------+--------+--------+--------+--------+-----+--------+

Top non-repeatable levels by time:
     D:1: 1214 daAuts
     D:2: 536 daAuts
